 Dungeon Crawl Stone Soup version 0.19-b1-3-g7dea586 (webtiles) character file.

133 kak the Skirmisher (level 4, -3/41 HPs)
             Began as a Draconian Transmuter on Oct 29, 2016.
             Slain by an orc
             ... wielding a +0 trident
              (6 damage)
             ... on level 3 of the Dungeon.
             The game lasted 00:14:03 (2440 turns).

kak the Skirmisher (Draconian Transmuter)           Turns: 2440, Time: 00:14:03

Health: -3/41      AC:  5    Str: 12    XL:     4   Next: 93%
Magic:  6/7        EV: 12    Int: 15    God:
Gold:   114        SH:  0    Dex: 11    Spells: 3 memorised, 1 level left

rFire  . . .     SeeInvis .       - Unarmed
rCold  . . .     Gourm    .     (armour unavailable)
rNeg   . . .     Faith    .     (no shield)
rPois  .         Spirit   .     (helmet restricted)
rElec  .         Reflect  .     (no cloak)
rCorr  .         Harm     .     (no gloves)
MR     .....                    (no boots)
Stlth  +.........               (no amulet)
                                (no ring)
                                (no ring)

@: appendage
A: unfitting armour, horns 2, cold-blooded, AC +5
a: End Transformation


You were on level 3 of the Dungeon.
You were not hungry.
You had grown temporary horns.
You visited 1 branch of the dungeon, and saw 3 of its levels.

You collected 114 gold pieces.

Inventory:

Missiles
 a - 12 arrows
Scrolls
 d - a scroll of blinking {unknown}
 g - a scroll of magic mapping {unknown}
 h - 5 scrolls of identify {unknown}
 i - a scroll of teleportation {unknown}
 k - 2 scrolls of enchant armour {unknown}
 l - a scroll of fog {unknown}
 m - a scroll of remove curse {unknown}
 n - a scroll of immolation {unknown}
 p - a scroll of noise {unknown}
 r - a scroll of amnesia {unknown}
Potions
 e - a potion of brilliance {unknown}
 o - a potion of cancellation
 q - 2 potions of curing {unknown}
Books
 b - a book of Changes

   Spells                             Type                      Level
   a - Beastly Appendage              Transmutation                1
   b - Sticks to Snakes               Transmutation                2
   c - Spider Form                    Transmutation/Poison         3
   d - Ice Form                       Ice/Transmutation            4
   e - Blade Hands                    Transmutation                5
Comestibles
 c - 2 bread rations
 f - 2 chunks of flesh
 j - 2 meat rations


   Skills:
 * Level 4.3 Fighting
 - Level 1.7 Dodging
 + Level 4.0 Unarmed Combat
 - Level 2.0 Spellcasting
 + Level 2.0 Transmutations


You had one spell level left.
You knew the following spells:

 Your Spells              Type           Power        Failure   Level  Hunger
a - Beastly Appendage     Tmut           #.....       12%         1    #......
b - Sticks to Snakes      Tmut           #.......     14%         2    ###....
c - Spider Form           Tmut/Pois      #.........   43%         3    ###....


Dungeon Overview and Level Annotations

Branches:
Dungeon (3/15)

Altars:

Annotations:
D:3 Sigmund; slayr's ghost, amateur MfCK


Innate Abilities, Weirdness & Mutations

Your plain brown scales are hard. (AC +5)
You cannot fit into any form of body armour.
You are cold-blooded and may be slowed by cold attacks.
You have a pair of horns on your head.


Message History

Your tail-slap misses the orc wizard.
The orc wizard is heavily wounded.
The orc misses you. The orc wizard closely misses you.
You barely miss the orc wizard.
The orc wizard is heavily wounded.
The orc barely misses you.
You barely miss the orc wizard. Your kick misses the orc wizard.
The orc wizard is heavily wounded.
The orc wizard misses you.
You closely miss the orc wizard. You tail-slap the orc wizard.
The orc wizard is severely wounded.
Your talons disappear.
The orc hits you from afar with a trident.
* * * LOW HITPOINT WARNING * * *
The orc wizard hits you but does no damage.
Casting: Beastly Appendage
Confirm with . or Enter, or press ? or * to list all spells.
You grow a pair of large bovine horns.
The orc hits you from afar with a trident.
You die...

#.# #.# # .# #
#. #####.#.#
##..###.......#
............#
#......o...#
#o# ###@###
#.....#
###.#.#.#.#
#...<.....#
#.#†#.#.### ###
#.......#
..####.#
#.#######
.<...>.# #.#
#.#
..##########.#
#####.####


You could see an orc wizard and an orc.

Vanquished Creatures
  5 adders
  An ooze (D:1)
  3 worms (D:2)
  A dart slug (D:1)
  3 leopard geckos (D:3)
  2 orcs (D:3)
  8 bats
  4 giant cockroaches
  6 goblins
  6 hobgoblins
  2 jackals (D:2)
  4 kobolds
  A quokka (D:2)
  3 ball pythons
  6 frilled lizards
  18 rats
73 creatures vanquished.

Notes
Turn   | Place    | Note
-------+----------+-------------------------------------------
     0 | D:1      | kak the Draconian Transmuter began the quest for the Orb.
     0 | D:1      | Reached XP level 1. HP: 16/16 MP: 3/3
    85 | D:1      | Reached XP level 2. HP: 24/24 MP: 5/5
   620 | D:1      | Reached XP level 3. HP: 28/30 MP: 6/6
  1108 | D:2      | Learned a level 2 spell: Sticks to Snakes
  1112 | D:2      | Learned a level 3 spell: Spider Form
  1228 | D:2      | Reached XP level 4. HP: 16/38 MP: 7/7
  1976 | D:3      | Noticed Sigmund
  2040 | D:3      | Noticed slayr's ghost (amateur MfCK)
  2440 | D:3      | Slain by an orc

Skill      XL: |  1  2  3  4 |
---------------+-------------+-----
Fighting       | 2 3 4 |  4.3
Unarmed Combat | 4 |  4.0
Dodging        | |  1.7
Spellcasting   | |  2.0
Transmutations | |  2.0

Action                   |  1- 3 |  4- 6 || total
-------------------------+-------+-------++-------
Melee: Unarmed           |   140 |   147 ||   287
       Tailslap          |     7 |    12 ||    19
       Kick              |     3 |    13 ||    16
       Headbutt          |     1 |     2 ||     3
       Punch             |     1 |     1 ||     2
 Cast: Beastly Appendage |     5 |     9 ||    14
  Use: Potion            |     4 |       ||     4
 Stab: Sleeping          |     4 |     1 ||     5
  Eat: Chunk             |     1 |     3 ||     4
       Pizza             |       |     1 ||     1
Armor: Skin              |    42 |    34 ||    76
Dodge: Dodged            |    76 |   101 ||   177
